 Dungeon Crawl Stone Soup version 0.23.2-33-g5129a83184 (webtiles) character file.

Game seed: 3344837959565918342

47325 Folque the Destroyer (level 14, -7/107 HPs)
             Began as a Grey Draconian Ice Elementalist on July 7, 2019.
             Was a High Priest of Sif Muna.
             Mangled by a dire elephant (16 damage)
             ... on level 6 of the Lair of Beasts.
             The game lasted 02:07:50 (30860 turns).

Folque the Destroyer (DrIE)                        Turns: 30860, Time: 02:07:51

Health: -7/107     AC: 17    Str: 12    XL:     14   Next: 8%
Magic:  5/27       EV: 16    Int: 19    God:    Sif Muna [*****.]
Gold:   1414       SH:  8    Dex: 15    Spells: 4/31 levels left

rFire    . . .     SeeInvis .   x - +4 whip (venom)
rCold    + . .     Gourm    .   X - +2 buckler
rNeg     . . .     Faith    .   (armour unavailable)
rPois    .         Spirit   .   (helmet restricted)
rElec    .         Reflect  .   P - +0 cloak "Muuloll" {Dex+3} (curse)
rCorr    .         Harm     .   (no gloves)
MR       +....                  T - +2 pair of boots (curse)
Stlth    ++........             w - amulet of the acrobat
HPRegen  0.27/turn              c - ring of wizardry
MPRegen  0.20/turn              y - ring of protection from cold

@: divine energy
A: walk through water, unfitting armour, unbreathing, cold-blooded, AC +13
a: Stop Divine Energy, Channel Magic, Forget Spell, Renounce Religion


You were on level 6 of the Lair of Beasts.
You worshipped Sif Muna.
Sif Muna was extremely pleased with you.
You were very hungry.

You visited 3 branches of the dungeon, and saw 19 of its levels.

You collected 1534 gold pieces.
You spent 120 gold pieces at shops.

Inventory:

Hand Weapons
 x - a +4 whip of venom (weapon)
 K - a +0 blowgun
Missiles
 o - 93 poisoned needles
 R - 2 throwing nets (quivered)
Armour
 P - the cursed +0 cloak "Muuloll" (worn) {Dex+3}
   (You found it on level 8 of the Dungeon)

   It affects your dexterity (+3).
   It has a curse placed upon it.
 T - a cursed +2 pair of boots (worn)
 X - a +2 buckler (worn)
 Z - a scarf of resistance
Magical Staves
 A - an uncursed staff of summoning
Jewellery
 c - a ring of wizardry (left hand)
 w - an amulet of the acrobat (around neck)
 y - a ring of protection from cold (right hand)
 O - an uncursed ring of see invisible
Wands
 n - a wand of scattershot (8)
 p - a wand of disintegration (28)
 r - a wand of digging (11)
 C - a wand of polymorph (9)
 G - a wand of flame (34)
 M - a wand of paralysis (18)
 Q - a wand of clouds (5)
Scrolls
 f - 5 scrolls of remove curse
 g - a scroll of vulnerability {unknown}
 l - 2 scrolls of fear
 m - 5 scrolls of teleportation
 s - 4 scrolls of amnesia
 v - 4 scrolls of magic mapping
 H - 3 scrolls of enchant weapon
 L - 3 scrolls of fog
 U - 5 scrolls of identify
Potions
 d - 4 potions of agility
 e - a potion of ambrosia {unknown}
 h - 4 potions of brilliance
 i - 3 potions of lignification
 j - 6 potions of cancellation
 k - 5 potions of curing
 q - 2 potions of mutation {unknown}
 t - 5 potions of flight
 D - a potion of magic {unknown}
 E - a potion of berserk rage {unknown}
 F - a potion of invisibility {unknown}
 I - 4 potions of haste {unknown}
 N - 3 potions of degeneration {unknown}
 V - a potion of resistance {unknown}
 W - a potion of might {unknown}
Miscellaneous
 a - a fan of gales
 z - a phial of floods (inert)
 S - a lightning rod (4/4)
 Y - a lamp of fire
Comestibles
 b - 13 rations
 u - 3 chunks of flesh


   Skills:
 - Level 5.0 Fighting
 - Level 2.0 Maces & Flails
 - Level 7.0 Dodging
 - Level 1.7 Stealth
 - Level 6.0 Shields
 * Level 9.2 Spellcasting
 - Level 11.2 Conjurations
 - Level 4.4 Hexes
   Level 5.9 Summonings
 * Level 3.0 Necromancy
 + Level 10.6 Ice Magic
 - Level 4.2 Air Magic
 - Level 8.1 Invocations
 - Level 5.2 Evocations


You had 4 spell levels left.
You knew the following spells:

 Your Spells              Type           Power        Failure   Level  Hunger
a - Freezing Cloud        Conj/Ice/Air   #####.....   14%         6    ######.
b - Simulacrum            Ice/Necr       ####......   28%         6    ######.
e - Throw Icicle          Conj/Ice       ######..     1%          4    ###....
f - Metabolic Englaciati  Hex/Ice        #####.....   4%          5    #####..
g - Bolt of Cold          Conj/Ice       ######....   6%          6    ######.

Your spell library contained the following spells:

 Spells                   Type           Power        Failure   Level  Hunger
 Confusing Touch          Hex            ####..       1%          1    None
 Corona                   Hex            ####...      1%          1    None
 Freeze                   Ice            ####         1%          1    None
 Magic Dart               Conj           ####         1%          1    None
 Pain                     Necr           ###.         1%          1    None
 Call Imp                 Summ           ####....     1%          2    None
 Slow                     Hex            ####....     1%          2    None
 Sublimation of Blood     Necr           ###.......   1%          2    None
 Throw Frost              Conj/Ice       ######       1%          2    None
 Confuse                  Hex            ####....     1%          3    None
 Conjure Flame            Conj/Fire      ####....     1%          3    None
 Mephitic Cloud           Conj/Pois/Air  ####....     1%          3    None
 Ozocubu's Armour         Chrm/Ice       ####....     1%          3    None
 Stone Arrow              Conj/Erth      ####..       1%          3    None
 Summon Ice Beast         Ice/Summ       #####...     1%          4    ###....
 Ice Form                 Ice/Tmut       ####....     3%          4    ###....
 Sticky Flame             Conj/Fire      ####....     3%          4    ###....
 Blink                    Tloc           N/A          4%          2    None
 Inner Flame              Hex/Fire       ###.....     4%          3    None
 Portal Projectile        Hex/Tloc       ###...       4%          3    None
 Cause Fear               Hex            ####......   5%          4    ###....
 Gell's Gravitas          Tloc           #.........   10%         3    None
 Leda's Liquefaction      Hex/Erth       ###.......   13%         4    ###....
 Petrify                  Tmut/Erth      #.......     32%         4    ###....
 Lightning Bolt           Conj/Air       #####.....   4%          5    #####..
 Ozocubu's Refrigeration  Ice            #####.....   6%          6    ######.
 Venom Bolt               Conj/Pois      ####......   9%          5    #####..
 Dispel Undead            Necr           ###.....     26%         5    #####..
 Yara's Violent Unravell  Hex/Tmut       ###.......   32%         5    #####..
 Haunt                    Necr/Summ      ####......   98%         7    #######
 Ring of Flames           Chrm/Fire      #.........   100%        7    #######
 Chain Lightning          Conj/Air       #####.....   100%        8    #######


Dungeon Overview and Level Annotations

Branches:
Dungeon (12/15)            Temple (1/1) D:6            Lair (6/6) D:10
 Shoals (0/4) Lair:2       Spider (0/4) Lair:3        Slime (0/5) Lair:5
    Orc (0/2) D:10

Altars:
Ashenzari
Cheibriados
Dithmenos
Elyvilon
Fedhas
Gozag
Hepliaklqana
Kikubaaqudgha
Makhleb
Nemelex Xobeh
Okawaru
Qazlal
Ru
Sif Muna
Trog
Uskayaw
Vehumet
Wu Jian
Xom
Yredelemnul
Zin
The Shining One
Jiyva

Shops:
D:5 !%[   D:11 *

Annotations:
D:12 Snorg
Lair:1 Fannar


Innate Abilities, Weirdness & Mutations

You can walk through water.
Your dull iron-grey scales are very hard. (AC +13)
You cannot fit into any form of body armour.
You can survive without breathing.
You are cold-blooded and may be slowed by cold attacks.


Message History

The dire elephant is engulfed in freezing vapours.
The dire elephant tramples you but does no damage.
The dire elephant trunk-slaps you.
The dire elephant is engulfed in freezing vapours.
You are engulfed in freezing vapours.
You resist.
* * * LOW HITPOINT WARNING * * *
You are starving!
The dire elephant is engulfed in freezing vapours. x2
The dire elephant is engulfed in freezing vapours. x3
The dire elephant tramples you but does no damage.
You block the dire elephant's attack.
Eat one of 4 chunks of flesh? (ye/n/q)
You eat one of the 4 chunks of flesh.
This raw flesh tastes terrible.
You are feeling very hungry.
The dire elephant is engulfed in freezing vapours.
The dire elephant tramples you!!
* * * LOW HITPOINT WARNING * * *
You stumble backwards!
You feel better. The dire elephant tramples you!
You die...

###'##''######### #### #####
#..8#....8##.≈≈##...$###...#
#...#.....'..≈≈≈'...$}#.....
#.#.####.8#.≈≈≈≈'...[:#.....
######'#...§####.≈≈≈≈#...(##.....
#P.....####.§§§#≈≈≈≈P#######(....
#.....Y# ####Y###≈.###...###..##
#......##♣♣###☼YP#####8.⌠.8#####.
########♣....###@................
#♣###♣♣.......♣########'''#######
......Y.......................♣..
............#..#..P........P.#.#.
....#P.P....P.P..P..P........#..#
..#.####.......................##
###..#.#....P#PP...............##
............##.....##...........#
........P..####...###(.........##


You could see 2 dire elephants.

Vanquished Creatures
  2 dire elephants (Lair:6)
  Harold (D:9)
  3 hydras
  A catoblepas (Lair:3)
  An anaconda (Lair:6)
  A two-headed ogre (D:10)
  A lindwurm (Lair:6)
  The ghost of Meegle the Thaumaturge, a novice DEFE of Vehumet (D:7)
  18 elephants
  A centaur zombie (D:10)
  4 black mambas
  11 spiny frogs
  A rime drake (Lair:6)
  10 komodo dragons
  3 trolls
  The ghost of t4s4d4r the Digger, a novice GrEE of Makhleb (D:7)
  2 polar bears
  14 blink frogs
  6 hippogriffs
  2 wyverns
  A vampire (D:11)
  28 yaks
  A steam dragon (Lair:5)
  A basilisk (Lair:6)
  15 soldier ants
  9 water moccasins
  An acid dragon (D:11)
  9 porcupines
  3 sky beasts
  4 black bears
  4 ogres
  An eye of draining (D:10)
  5 orc warriors
  3 phantoms (D:9)
  An ice beast (D:8)
  6 wolves (Lair:5)
  9 centaurs
  14 crocodiles
  A big kobold (D:10)
  9 bullfrogs
  5 scorpions
  6 wights
  9 killer bees
  3 howler monkeys
  2 electric eels (Lair:6)
  7 crimson imps
  5 bullfrog zombies
  A quasit (D:10)
  A jelly (D:11)
  11 orc priests
  2 bullfrog skeletons
  2 centaur skeletons
  8 hounds
  18 orc wizards
  Natasha (D:2)
  7 iguanas
  25 worker ants
  4 hound skeletons
  2 gnolls (D:7)
  20 adders
  2 shadow imps (D:9)
  2 oozes
  An adder zombie (D:7)
  2 adder skeletons
  7 worms
  A dart slug (D:3)
  5 leopard geckos
  57 orcs
  3 bats
  4 giant cockroaches
  11 goblins
  6 hobgoblins
  6 jackals
  3 quokkas
  7 frilled lizards
  11 kobolds
  A quokka zombie (D:8)
  5 rats
  5 fungi (Lair:6)
  5 plants (Lair:6)
492 creatures vanquished.

Vanquished Creatures (collateral kills)
  2 two-headed ogres
  A queen ant (D:9)
  A manticore (D:11)
  An elephant (Lair:5)
  2 black mambas
  2 spiny frogs
  A komodo dragon (Lair:1)
  A hornet (Lair:2)
  A jumping spider (Lair:3)
  2 blink frogs (Lair:5)
  13 yaks
  2 basilisks (Lair:2)
  7 soldier ants
  2 orc warriors
  An ice beast (D:5)
  An ogre (D:10)
  A centaur (Lair:1)
  A necrophage (D:9)
  A big kobold (D:9)
  3 bullfrogs
  A scorpion (D:10)
  2 killer bees (D:7)
  A wight (D:10)
  A centaur zombie (D:10)
  A hound (D:11)
  A centaur skeleton (D:5)
  3 orc priests
  2 iguanas (Lair:1)
  5 orc wizards
  2 worker ants
  A worker ant zombie (D:11)
  A howler monkey zombie (D:5)
  A gnoll (D:7)
  5 adders
  16 orcs
  A fungus (Lair:3)
90 creatures vanquished.

Vanquished Creatures (others)
  9 fungi
  12 plants
  A withered plant (D:7)
22 creatures vanquished.

Grand Total: 604 creatures vanquished

Notes
Turn   | Place    | Note
-------+----------+-------------------------------------------
     0 | D:1      | Folque the Draconian Ice Elementalist began the quest for
                  | the Orb.
     0 | D:1      | Reached XP level 1. HP: 14/14 MP: 3/3
   343 | D:1      | Reached XP level 2. HP: 22/22 MP: 5/5
   562 | D:1      | Reached skill level 1 in Fighting
   568 | D:1      | Learned a level 2 spell: Throw Frost
  1054 | D:2      | Reached XP level 3. HP: 23/28 MP: 5/7
  1169 | D:2      | Learned a level 3 spell: Ozocubu's Armour
  1561 | D:2      | Found a burning altar of Makhleb.
  1727 | D:2      | Reached XP level 4. HP: 35/35 MP: 2/9
  1734 | D:2      | Noticed Natasha
  1760 | D:2      | Killed Natasha
  2226 | D:2      | Found a faded altar of an unknown god.
  2370 | D:3      | Learned a level 4 spell: Summon Ice Beast
  2370 | D:3      | Found a blossoming altar of Fedhas.
  2402 | D:3      | Reached XP level 5. HP: 21/40 MP: 0/11
  3008 | D:4      | Reached skill level 1 in Summonings
  3361 | D:4      | Reached XP level 6. HP: 40/47 MP: 5/12
  4036 | D:5      | Entered Level 5 of the Dungeon
  4046 | D:5      | Reached skill level 5 in Ice Magic
  4162 | D:5      | Your scales start taking on a dull iron-grey colour.
  4162 | D:5      | Reached XP level 7. HP: 8/52 MP: 2/13
  4162 | D:5      | Gained mutation: You can survive without breathing. [Grey
                  | Draconian growth]
  4168 | D:5      | Learned a level 4 spell: Throw Icicle
  4507 | D:5      | Reached skill level 2 in Conjurations
  4552 | D:4      | Reached skill level 5 in Spellcasting
  4997 | D:5      | Found Loygiex's Antique Armour Emporium.
  5182 | D:5      | Found Dafytov's Food Shoppe.
  5215 | D:5      | Found Boishruq's Distillery.
  5226 | D:5      | Reached skill level 3 in Conjurations
  5434 | D:5      | Reached XP level 8. HP: 59/59 MP: 0/15
  5733 | D:6      | Found a shimmering altar of Xom.
  6043 | D:6      | Found a staircase to the Ecumenical Temple.
  6055 | Temple   | Entered the Ecumenical Temple
  6787 | Temple   | Became a worshipper of Sif Muna the Loreminder
  7171 | D:6      | Reached skill level 4 in Conjurations
  8060 | D:7      | Noticed a hippogriff
  8072 | D:7      | Killed a hippogriff
  8072 | D:7      | Reached * piety under Sif Muna
  8072 | D:7      | Reached skill level 5 in Conjurations
  8320 | D:7      | Reached XP level 9. HP: 62/64 MP: 5/16
  8398 | D:7      | Found a runed translucent gate.
  8398 | D:7      | Noticed Meegle's ghost (novice DEFE)
  8398 | D:7      | Noticed t4s4d4r's ghost (novice GrEE)
  8399 | D:7      | Found a runed translucent gate.
  8399 | D:7      | Found a runed translucent gate.
  8687 | D:7      | Found a sparkling altar of Nemelex Xobeh.
  8694 | D:7      | Reached skill level 6 in Conjurations
  8893 | D:8      | Reached ** piety under Sif Muna
  9634 | D:8      | Reached skill level 7 in Conjurations
 10162 | D:8      | Got a jewelled cloak
 10173 | D:8      | Identified the cursed +0 cloak "Muuloll" {Dex+3} (You found
                  | it on level 8 of the Dungeon)
 10260 | D:9      | Noticed Harold
 10365 | D:9      | Killed Harold
 10365 | D:9      | Reached skill level 8 in Conjurations
 10365 | D:9      | Reached XP level 10. HP: 57/78 MP: 0/17
 10564 | D:9      | Reached *** piety under Sif Muna
 10603 | D:9      | Reached skill level 1 in Invocations
 11220 | D:10     | Entered Level 10 of the Dungeon
 11274 | D:10     | Reached skill level 9 in Conjurations
 11836 | D:10     | Reached skill level 5 in Dodging
 11865 | D:10     | Noticed a two-headed ogre
 11998 | D:10     | Found a staircase to the Orcish Mines.
 12045 | D:10     | Found a staircase to the Lair.
 12122 | D:11     | Noticed a manticore
 12122 | D:11     | Reached skill level 5 in Invocations
 12138 | D:11     | Killed a manticore
 12359 | D:9      | Reached **** piety under Sif Muna
 12762 | D:9      | Killed a two-headed ogre
 12762 | D:9      | Reached XP level 11. HP: 44/84 MP: 3/20
 13056 | D:10     | Reached skill level 1 in Evocations
 13167 | D:10     | Noticed a two-headed ogre
 13179 | D:10     | Killed a two-headed ogre
 14009 | D:10     | Noticed a queen ant
 14329 | D:9      | Killed a queen ant
 14626 | D:10     | Noticed a two-headed ogre
 14870 | D:10     | Reached skill level 1 in Maces & Flails
 15073 | D:10     | Reached skill level 5 in Evocations
 15516 | D:10     | Noticed a five-headed hydra
 15583 | D:10     | Killed a five-headed hydra
 15917 | D:10     | Killed a two-headed ogre
 16685 | D:11     | Reached ***** piety under Sif Muna
 16690 | D:11     | Reached skill level 10 in Conjurations
 16888 | D:11     | Identified Sif Muna's Tome of Blistering Dark Magic (Sif
                  | Muna gifted it to you on level 11 of the Dungeon)
 16888 | D:11     | Received a gift from Sif Muna
 16897 | D:11     | Reached XP level 12. HP: 71/91 MP: 1/21
 17257 | D:11     | Found Qidiened's Assorted Antiques.
 17811 | D:5      | Bought a potion of heal wounds for 60 gold pieces
 17811 | D:5      | Bought a potion of heal wounds for 60 gold pieces
 17923 | D:7      | Killed Meegle's ghost
 17940 | D:7      | Killed t4s4d4r's ghost
 18235 | D:12     | Noticed a two-headed ogre
 18311 | D:12     | Noticed Snorg
 18853 | Lair:1   | Entered Level 1 of the Lair of Beasts
 19067 | Lair:1   | Noticed Fannar
 19308 | Lair:1   | Reached skill level 10 in Ice Magic
 19432 | Lair:1   | Reached skill level 11 in Conjurations
 19831 | Lair:1   | Learned a level 5 spell: Metabolic Englaciation
 20477 | Lair:1   | Found a shadowy altar of Dithmenos.
 21512 | Lair:2   | Reached skill level 5 in Fighting
 21691 | Lair:2   | Reached skill level 1 in Hexes
 21821 | Lair:2   | Found a staircase to the Shoals.
 23057 | Lair:3   | Noticed a catoblepas
 23113 | Lair:3   | Killed a catoblepas
 23397 | Lair:3   | Found a hole to the Spider Nest.
 23449 | Lair:3   | Received a gift from Sif Muna
 23458 | Lair:3   | Learned a level 6 spell: Bolt of Cold
 25415 | Lair:5   | Reached XP level 13. HP: 28/100 MP: 1/25
 25810 | Lair:5   | Reached skill level 1 in Shields
 25969 | Lair:4   | Learned a level 6 spell: Freezing Cloud
 26659 | Lair:5   | Reached skill level 1 in Air Magic
 26964 | Lair:5   | Reached skill level 5 in Summonings
 27330 | Lair:5   | Found a viscous altar of Jiyva.
 27330 | Lair:5   | Found a staircase to the Slime Pits.
 27715 | Lair:6   | Entered Level 6 of the Lair of Beasts
 27888 | Lair:5   | Reached skill level 5 in Shields
 28326 | Lair:6   | Identified Mehiliw's Almanac of Conjuration (Sif Muna
                  | gifted it to you on level 6 of the Lair of Beasts)
 28326 | Lair:6   | Received a gift from Sif Muna
 28937 | Lair:6   | Learned a level 6 spell: Simulacrum
 29161 | Lair:6   | Reached skill level 1 in Necromancy
 29859 | Lair:6   | Reached XP level 14. HP: 91/107 MP: 0/27
 30859 | Lair:6   | HP: 1/107 [dire elephant (31)]
 30860 | Lair:6   | Mangled by a dire elephant

Skill      XL: |  1  2  3  4  5  6  7  8  9 10 11 12 13 14 |
---------------+-------------------------------------------+-----
Fighting       | 1 4 5 |  5.0
Spellcasting   | 3 4 5 6 8 9 |  9.2
Ice Magic      | 4 5 7 8 9 10 | 10.6
Summonings     | 2 4 5 |  5.9
Conjurations   | 3 5 8 9 10 11 | 11.2
Dodging        | 2 3 4 5 6 7 |  7.0
Invocations    | 6 8 |  8.1
Evocations     | 5 |  5.2
Maces & Flails | 2 |  2.0
Hexes          | 4 |  4.4
Shields        | 6 |  6.0
Air Magic      | 4 |  4.2
Necromancy     | 2 3 |  3.0
Stealth        | |  1.7

Action                   |  1- 3 |  4- 6 |  7- 9 | 10-12 | 13-15 || total
-------------------------+-------+-------+-------+-------+-------++-------
Melee: Whip              |   133 |    93 |   107 |   633 |   279 ||  1245
       Unarmed           |    11 |       |       |       |       ||    11
       Tailslap          |    12 |    16 |    36 |    86 |    55 ||   205
       Long sword        |       |    12 |       |       |       ||    12
       Dagger            |       |    45 |   144 |       |       ||   189
Throw: Throwing net      |       |       |       |       |     1 ||     1
 Cast: Freeze            |    16 |    53 |    50 |   166 |       ||   285
       Throw Frost       |     5 |    18 |    41 |   114 |     1 ||   179
       Ozocubu's Armour  |     2 |     8 |     9 |    74 |     6 ||    99
       Summon Ice Beast  |       |     2 |    13 |    87 |     6 ||   108
       Throw Icicle      |       |       |    57 |   140 |    64 ||   261
       Bolt of Cold      |       |       |       |     2 |    43 ||    45
       Metabolic Englaci |       |       |       |     2 |    23 ||    25
       Freezing Cloud    |       |       |       |       |    18 ||    18
Invok: Divine Energy     |       |       |     1 |       |       ||     1
       Channel Magic     |       |       |       |     2 |     1 ||     3
Evoke: Lightning rod     |       |       |       |     3 |       ||     3
       Lamp of fire      |       |       |       |     1 |       ||     1
       Wand              |       |       |       |     1 |       ||     1
       Phial of floods   |       |       |       |       |     1 ||     1
  Use: Scroll            |     1 |     1 |     7 |    14 |    13 ||    36
       Potion            |       |       |       |    11 |     2 ||    13
 Stab: Sleeping          |     3 |     2 |     2 |     4 |     1 ||    12
       Distracted        |       |       |       |     2 |       ||     2
  Eat: Chunk             |     3 |    10 |    21 |    61 |    27 ||   122
       Ration            |       |       |     4 |     6 |     9 ||    19
Armor: Skin              |    52 |    58 |   117 |   396 |    79 ||   702
Dodge: Dodged            |   109 |   131 |   174 |   761 |   206 ||  1381
Block: Buckler           |       |       |       |       |    57 ||    57
       Rpst.: Long sword |       |     2 |       |       |       ||     2
